[Event "FIDE WYCC Girls U16 2023"]
[Site "Montesilvano"]
[Date "2023.11.22"]
[Round "9.22"]
[White "Deak-Sala, Emilia"]
[Black "Mickunaite, Agne"]
[Result "1-0"]
[ECO "B07"]
[WhiteElo "1927"]
[BlackElo "1673"]
[Annotator "NA COMBH"]
[PlyCount "81"]
[EventDate "2023.11.13"]
[EventType "swiss"]
[EventCountry "ITA"]
[SourceTitle "playchess.com"]
[Source "ChessBase"]
[SourceQuality "1"]
[TimeControl "40/5400+30:1800+30"]

1. d4 Nf6 2. Bf4 g6 3. Nc3 Bg7 4. e4 d6 5. Qd2 O-O 6. O-O-O Nbd7 7. e5 Ne8 8. h4 Nb6 9. Qe3 c6 10. h5 Nc7 11. Bh6 Bh8 12. hxg6 fxg6 13. Bxf8 Qxf8 14. f4 d5 15. Bd3 Bg7 16. Rf1 Bh6 17. Qg3 Ne6 18. Nge2 Nd8 19. Qh4 Nf7 20. g4 g5 21. Qh5 Qg7 22. f5 e6 23. Ng3 Nc4 24. fxe6 Bxe6 25. Rxf7 Qxf7 26. Qxf7+ Kxf7 27. Rxh6 Bxg4 28. Rxh7+ Kg8 29. Rh6 Kf7 30. Rf6+ Ke7 31. Rg6 Rh8 32. Rxg5 Be6 33. Bxc4 dxc4 34. Nce4 b5 35. Rh5 Rf8 36. Rh7+ Kd8 37. Rxa7 Rf4 38. Kd2 Bd5 39. Ke3 Rh4 40. Nf6 b4 41. Nxd5 1-0

[Event "FIDE WYCC Girls U16 2023"]
[Site "Montesilvano"]
[Date "2023.11.22"]
[Round "9.23"]
[White "Helgadottir, Idunn"]
[Black "Sippola, Sara-Olivia"]
[Result "0-1"]
[ECO "D05"]
[WhiteElo "1678"]
[BlackElo "1907"]
[Annotator "NA RC"]
[PlyCount "78"]
[EventDate "2023.11.13"]
[EventType "swiss"]
[EventCountry "ITA"]
[SourceTitle "playchess.com"]
[Source "ChessBase"]
[SourceQuality "1"]
[TimeControl "40/5400+30:1800+30"]

1. d4 d5 2. Nf3 e6 3. e3 Nf6 4. Bd3 Be7 5. O-O O-O 6. b3 c5 7. Bb2 Nc6 8. a3 b6 9. Nbd2 Bb7 10. Ne5 Qc7 11. f4 Bd6 12. Qf3 Ne7 13. Qh3 Ne4 14. Ndf3 Nf5 15. g4 Ne7 16. Nh4 cxd4 17. Bxd4 f6 18. Nef3 e5 19. Bb2 Qc5 20. Rae1 Qc7 21. g5 Bc8 22. Qg2 Nc6 23. gxf6 Nxf6 24. Bb5 e4 25. Ng5 a6 26. Nxh7 Kxh7 27. Qg6+ Kg8 28. Bxf6 Rxf6 29. Qe8+ Bf8 30. Be2 Qf7 31. Bh5 Qxe8 32. Bxe8 Bh3 33. Bxc6 Rxc6 34. Rf2 Rac8 35. Rc1 Rh6 36. Ng2 Rg6 37. b4 Bxg2 38. Rxg2 Rxg2+ 39. Kxg2 Rc3 0-1

[Event "FIDE WYCC Girls U16 2023"]
[Site "Montesilvano"]
[Date "2023.11.22"]
[Round "9.24"]
[White "Bruessow, Nina"]
[Black "Nguyen, Ngoc Hien"]
[Result "0-1"]
[ECO "C13"]
[WhiteElo "1863"]
[BlackElo "1642"]
[Annotator "NA COMBH"]
[PlyCount "44"]
[EventDate "2023.11.13"]
[EventType "swiss"]
[EventCountry "ITA"]
[SourceTitle "playchess.com"]
[Source "ChessBase"]
[SourceQuality "1"]
[TimeControl "40/5400+30:1800+30"]

1. e4 e6 2. d4 d5 3. Nc3 Nf6 4. Bg5 dxe4 5. Nxe4 Be7 6. Bxf6 gxf6 7. Nf3 b6 8. Qd2 Bb7 9. Bb5+ Nd7 10. Qe3 c6 11. Bd3 f5 12. Ned2 Nf6 13. O-O-O Nd5 14. Qh6 Bf8 15. Qh4 Qxh4 16. Nxh4 Nf4 17. Nc4 Rd8 18. c3 c5 19. Ne5 Nxd3+ 20. Rxd3 Be4 21. Rdd1 Bh6+ 22. Rd2 cxd4 0-1

[Event "FIDE WYCC Girls U16 2023"]
[Site "Montesilvano"]
[Date "2023.11.22"]
[Round "9.25"]
[White "Vlasova, Olesia"]
[Black "Conde Mares, Vanya Briseyda"]
[Result "1-0"]
[ECO "A62"]
[WhiteElo "1850"]
[BlackElo "1566"]
[Annotator "NA COMBH"]
[PlyCount "75"]
[EventDate "2023.11.13"]
[EventType "swiss"]
[EventCountry "ITA"]
[SourceTitle "playchess.com"]
[Source "ChessBase"]
[SourceQuality "1"]
[TimeControl "40/5400+30:1800+30"]

1. d4 Nf6 2. c4 e6 3. g3 c5 4. d5 exd5 5. cxd5 d6 6. Nc3 g6 7. Bg2 Bg7 8. Nf3 O-O 9. O-O Re8 10. Bf4 Na6 11. Nd2 Nh5 12. Be3 f5 13. Nc4 Nc7 14. a4 b6 15. Bf3 Ba6 16. Qb3 Nf6 17. Bf4 Bxc4 18. Qxc4 a6 19. b4 Ne4 20. Nxe4 fxe4 21. Bxe4 Bxa1 22. Rxa1 Qf6 23. Rd1 b5 24. Qc2 c4 25. Bc1 Rf8 26. Bb2 Qxf2+ 27. Kh1 Rf7 28. Bd4 Qf1+ 29. Rxf1 Rxf1+ 30. Kg2 Rf7 31. Bxg6 hxg6 32. Qxg6+ Kf8 33. Qxd6+ Ke8 34. Qc6+ Kf8 35. d6 Re8 36. dxc7 Rxe2+ 37. Kh3 Rh7+ 38. Kg4 1-0

[Event "FIDE WYCC Girls U16 2023"]
[Site "Montesilvano"]
[Date "2023.11.22"]
[Round "9.26"]
[White "Tadic, Ana"]
[Black "Momyn, Madina"]
[Result "1-0"]
[ECO "D34"]
[WhiteElo "1791"]
[BlackElo "1315"]
[Annotator "NA RC"]
[PlyCount "99"]
[EventDate "2023.11.13"]
[EventType "swiss"]
[EventCountry "ITA"]
[SourceTitle "playchess.com"]
[Source "ChessBase"]
[SourceQuality "1"]
[TimeControl "40/5400+30:1800+30"]

1. Nf3 e6 2. g3 Nf6 3. Bg2 c5 4. c4 Nc6 5. O-O Be7 6. Nc3 d5 7. cxd5 exd5 8. d4 O-O 9. Bg5 Ne4 10. Bxe7 Nxe7 11. dxc5 Nxc5 12. Nd4 Qb6 13. Qd2 Ne6 14. Nb3 Nc7 15. Rac1 Be6 16. Rfd1 Rfd8 17. h4 Ne8 18. Na4 Qd6 19. Nac5 Rab8 20. Nd4 a6 21. Rc3 Nc6 22. Nxb7 Rxb7 23. Rxc6 Qb8 24. b3 Rd6 25. Rdc1 Rb6 26. Rxb6 Qxb6 27. Qc3 Nf6 28. Qc7 Qxc7 29. Rxc7 g6 30. Rc6 Ne8 31. Rxd6 Nxd6 32. Nc6 Nb5 33. Ne7+ Kf8 34. Nxd5 Bxd5 35. Bxd5 Nc3 36. Bc4 Nxa2 37. Bxa6 Nb4 38. Bc4 Ke7 39. Kg2 f6 40. Kf3 Kd6 41. Kf4 Nc6 42. g4 h6 43. h5 gxh5 44. gxh5 Ne7 45. e4 Nc6 46. Kf5 Ne5 47. f4 Nd7 48. Kg6 Nc5 49. Kxh6 Nxe4 50. Kg6 1-0

[Event "FIDE WYCC Girls U16 2023"]
[Site "Montesilvano"]
[Date "2023.11.22"]
[Round "9.27"]
[White "Di Fabio, Sara"]
[Black "Berezovsky, Fiorina"]
[Result "1/2-1/2"]
[ECO "B25"]
[WhiteElo "1517"]
[BlackElo "1787"]
[Annotator "NA RC"]
[PlyCount "63"]
[EventDate "2023.11.13"]
[EventType "swiss"]
[EventCountry "ITA"]
[SourceTitle "playchess.com"]
[Source "ChessBase"]
[SourceQuality "1"]
[TimeControl "40/5400+30:1800+30"]

1. e4 c5 2. Nc3 Nc6 3. g3 g6 4. Bg2 Bg7 5. d3 d6 6. Nge2 e5 7. O-O Nge7 8. Be3 O-O 9. f4 exf4 10. Nxf4 Ne5 11. h3 Bd7 12. Qd2 Bc6 13. Nfd5 Bxd5 14. exd5 Nf5 15. Bf4 c4 16. g4 Qb6+ 17. Kh1 Nh4 18. d4 Nd7 19. Ne2 Nxg2 20. Kxg2 Rae8 21. Rae1 Re4 22. c3 Qb5 23. Ng3 Rxe1 24. Rxe1 Qxd5+ 25. Kf2 Nf6 26. Qe3 h5 27. Ne4 hxg4 28. Nxf6+ Bxf6 29. hxg4 Bh4+ 30. Bg3 Bxg3+ 31. Kxg3 f5 32. Qe6+ 1/2-1/2

[Event "FIDE WYCC Girls U16 2023"]
[Site "Montesilvano"]
[Date "2023.11.22"]
[Round "9.28"]
[White "Tomcaniova, Lucia"]
[Black "Dulteva, Anastasia"]
[Result "0-1"]
[ECO "C77"]
[WhiteElo "1715"]
[BlackElo "1498"]
[Annotator "NA RC"]
[PlyCount "138"]
[EventDate "2023.11.13"]
[EventType "swiss"]
[EventCountry "ITA"]
[SourceTitle "playchess.com"]
[Source "ChessBase"]
[SourceQuality "1"]
[TimeControl "40/5400+30:1800+30"]

1. e4 e5 2. Nf3 Nc6 3. Bb5 a6 4. Ba4 Nf6 5. d4 exd4 6. O-O d5 7. exd5 Nxd5 8. Nxd4 Bd7 9. Re1+ Be7 10. Bxc6 bxc6 11. c4 Nf6 12. Qe2 c5 13. Nf3 h6 14. Nc3 Be6 15. Ne5 Qc8 16. Nc6 Qd7 17. Nxe7 Kxe7 18. Be3 Qc6 19. Nd5+ Nxd5 20. cxd5 Qxd5 21. Rad1 Qc6 22. Qh5 Rhd8 23. Bxc5+ Ke8 24. Rc1 Rd5 25. Qf3 Qd7 26. Qe4 Rd8 27. Qh7 Qb5 28. b4 Kd7 29. Qxg7 h5 30. h3 Kc8 31. a4 Qxa4 32. Ra1 Qc6 33. Be7 Re8 34. Rec1 Qb7 35. Bh4 Rd7 36. Ra3 Kb8 37. b5 axb5 38. Bg3 Red8 39. Qc3 Rd1+ 40. Rxd1 Rxd1+ 41. Kh2 b4 42. Qh8+ Qc8 43. Qxh5 Rd5 44. Qh4 bxa3 45. Qb4+ Qb7 46. Qxa3 Qb6 47. Qf8+ Kb7 48. h4 Qc5 49. Qg7 Qd4 50. Qf8 Qg4 51. Qe7 Rd7 52. Qc5 Qc4 53. Qe5 Kc6 54. h5 Qd5 55. Qc3+ Qc5 56. Qf3+ Kb6 57. Bf4 Qd5 58. Qe2 c5 59. h6 Bf5 60. Qb2+ Kc6 61. Qf6+ Qe6 62. Qh8 Qg6 63. Qc8+ Kb6 64. Qb8+ Kc6 65. Qc8+ Kb5 66. Qb8+ Kc4 67. f3 Qh5+ 68. Kg3 Rd3 69. Qb2 Qg4+ 0-1

[Event "FIDE WYCC Girls U16 2023"]
[Site "Montesilvano"]
[Date "2023.11.22"]
[Round "9.29"]
[White "Ismayil, Seljan"]
[Black "Levchenko, Marina"]
[Result "0-1"]
[ECO "D37"]
[WhiteElo "1384"]
[BlackElo "1700"]
[Annotator "NA RC"]
[PlyCount "96"]
[EventDate "2023.11.13"]
[EventType "swiss"]
[EventCountry "ITA"]
[SourceTitle "playchess.com"]
[Source "ChessBase"]
[SourceQuality "1"]
[TimeControl "40/5400+30:1800+30"]

1. d4 d5 2. c4 e6 3. Nc3 Be7 4. Nf3 Nf6 5. Bf4 O-O 6. e3 b6 7. cxd5 Nxd5 8. Nxd5 Qxd5 9. a3 c5 10. dxc5 bxc5 11. Be2 Bb7 12. Qxd5 exd5 13. O-O Nc6 14. Rfd1 Rfd8 15. Bb5 Rac8 16. Rac1 Nb8 17. Ne5 f6 18. Nd3 Nd7 19. Bxd7 Rxd7 20. Bg3 Kf7 21. e4 c4 22. Nf4 d4 23. Ne2 Bxe4 24. Rxd4 Rxd4 25. Nxd4 Bd3 26. Nb5 a6 27. Nc3 Rc6 28. Re1 Re6 29. Rxe6 Kxe6 30. f3 f5 31. Kf2 Bc2 32. Ke1 Bg5 33. f4 Bf6 34. Kd2 Be4 35. Na4 Bxg2 36. Nc5+ Kd6 37. Nxa6 Bxb2 38. a4 Be4 39. Nb4 c3+ 40. Kd1 Kc5 41. Nc2 Kc4 42. a5 Kb5 43. a6 Kxa6 44. Bf2 Kb5 45. Bd4 g6 46. Bf6 Kc4 47. Be7 Kb3 48. Nd4+ Ka2 0-1

[Event "FIDE WYCC Girls U16 2023"]
[Site "Montesilvano"]
[Date "2023.11.22"]
[Round "9.30"]
[White "Bruntse, Caroline Lindegaard"]
[Black "Lobo Pereira, Arami"]
[Result "0-1"]
[ECO "D10"]
[WhiteElo "1568"]
[BlackElo "2013"]
[Annotator "NA RC"]
[PlyCount "102"]
[EventDate "2023.11.13"]
[EventType "swiss"]
[EventCountry "ITA"]
[SourceTitle "playchess.com"]
[Source "ChessBase"]
[SourceQuality "1"]
[TimeControl "40/5400+30:1800+30"]

1. d4 d5 2. c4 c6 3. Nc3 Nf6 4. cxd5 cxd5 5. Bf4 Nc6 6. e3 a6 7. Bd3 Bg4 8. Nge2 e6 9. O-O Be7 10. Rc1 O-O 11. a3 Rc8 12. b4 b5 13. Qd2 Bh5 14. Rc2 Nd7 15. Nc1 Nb6 16. Nb3 Bg6 17. Bxg6 hxg6 18. Nc5 Bxc5 19. dxc5 Nc4 20. Qc1 g5 21. Bg3 f5 22. h3 Qf6 23. f4 gxf4 24. Bxf4 e5 25. Bh2 Qe6 26. Re1 Rcd8 27. Kh1 Qg6 28. Ra2 Qg5 29. Bg1 Rf6 30. Qd1 d4 31. exd4 exd4 32. Nb1 Rg6 33. Ree2 d3 34. Rf2 Kh7 35. Bh2 Rd4 36. Rf3 d2 37. Rg3 Qh6 38. Rxg6 Kxg6 39. Bg1 Rd3 40. Rc2 Qh5 41. Qxh5+ Kxh5 42. Nxd2 Rxd2 43. Rc3 f4 44. Rf3 g5 45. g3 N4e5 46. g4+ Kg6 47. Rc3 f3 48. Be3 Re2 49. Kg1 Rg2+ 50. Kh1 Rg3 51. Kh2 f2 0-1

[Event "FIDE WYCC Girls U16 2023"]
[Site "Montesilvano"]
[Date "2023.11.22"]
[Round "9.31"]
[White "Suyerkulova, Daniya"]
[Black "Ruchinskaya, Valerie"]
[Result "1/2-1/2"]
[ECO "C06"]
[WhiteElo "1317"]
[BlackElo "1903"]
[Annotator "NA RC"]
[PlyCount "93"]
[EventDate "2023.11.13"]
[EventType "swiss"]
[EventCountry "ITA"]
[SourceTitle "playchess.com"]
[Source "ChessBase"]
[SourceQuality "1"]
[TimeControl "40/5400+30:1800+30"]

1. e4 e6 2. d4 d5 3. Nd2 Be7 4. Bd3 Nf6 5. e5 Nfd7 6. Ne2 c5 7. c3 Nc6 8. Nf3 cxd4 9. cxd4 f6 10. exf6 Nxf6 11. O-O O-O 12. Bg5 h6 13. Bh4 Nh5 14. Bxe7 Qxe7 15. Qd2 Bd7 16. Bg6 Be8 17. Bxe8 Raxe8 18. Ne5 Nxe5 19. dxe5 g5 20. Qe3 b6 21. Qh3 Qf7 22. Nd4 Qg6 23. Nb5 Nf4 24. Qe3 Re7 25. Rfd1 Qf5 26. Nd4 Qg4 27. Qf3 Qxf3 28. Nxf3 Rc8 29. Nd4 Rc4 30. Kf1 Kf7 31. h3 Ng6 32. b3 Rc8 33. Re1 a6 34. Re3 Kg7 35. g3 h5 36. Rae1 a5 37. Rf3 g4 38. hxg4 hxg4 39. Rf6 Nxe5 40. Rxe6 Rxe6 41. Nxe6+ Kf6 42. Nf4 Rd8 43. Nh5+ Ke6 44. Ng7+ Kf6 45. Nh5+ Kf5 46. Ng7+ Kf6 47. Nh5+ 1/2-1/2

[Event "FIDE WYCC Girls U16 2023"]
[Site "Montesilvano"]
[Date "2023.11.22"]
[Round "9.32"]
[White "Maton, Emily"]
[Black "Vukovic, Sara"]
[Result "1-0"]
[ECO "B07"]
[WhiteElo "1837"]
[BlackElo "1340"]
[Annotator "NA RC"]
[PlyCount "43"]
[EventDate "2023.11.13"]
[EventType "swiss"]
[EventCountry "ITA"]
[SourceTitle "playchess.com"]
[Source "ChessBase"]
[SourceQuality "1"]
[TimeControl "40/5400+30:1800+30"]

1. d4 Nf6 2. Bf4 g6 3. Nc3 Bg7 4. e4 d6 5. Qd2 b6 6. f3 Bb7 7. O-O-O Nbd7 8. Bh6 O-O 9. h4 Ne8 10. h5 g5 11. Qxg5 Kh8 12. Bxg7+ Nxg7 13. Qh6 e6 14. e5 Nf5 15. Qf4 Qe7 16. g4 Ng7 17. g5 Rg8 18. Bd3 Nf5 19. Nh3 Nxd4 20. Qxd4 Bxf3 21. exd6+ e5 22. Qe3 1-0

[Event "FIDE WYCC Girls U16 2023"]
[Site "Montesilvano"]
[Date "2023.11.22"]
[Round "9.33"]
[White "Grimault, Leane"]
[Black "Glover, Sharon"]
[Result "1/2-1/2"]
[ECO "C56"]
[WhiteElo "1814"]
[BlackElo "1584"]
[Annotator "NA RC"]
[PlyCount "96"]
[EventDate "2023.11.13"]
[EventType "swiss"]
[EventCountry "ITA"]
[SourceTitle "playchess.com"]
[Source "ChessBase"]
[SourceQuality "1"]
[TimeControl "40/5400+30:1800+30"]

1. e4 e5 2. Nf3 Nc6 3. Bc4 Nf6 4. d4 exd4 5. e5 d5 6. Bb5 Ne4 7. Nxd4 Bc5 8. Be3 Bd7 9. Bxc6 bxc6 10. O-O O-O 11. f3 Ng5 12. f4 Ne4 13. f5 Qe7 14. f6 Nxf6 15. Bf4 Ng4 16. Kh1 Nxe5 17. Re1 Ng4 18. Qd2 Qf6 19. c3 Rfe8 20. Na3 Bxa3 21. bxa3 Rxe1+ 22. Rxe1 Re8 23. Bxc7 Rxe1+ 24. Qxe1 Nf2+ 25. Kg1 Ne4 26. Bg3 c5 27. Ne2 Qa6 28. Nf4 Be6 29. Qb1 Qb6 30. Qc2 c4+ 31. Kf1 Qa5 32. Qb2 Qb6 33. Qc1 h6 34. Ne2 Bg4 35. Nd4 a6 36. Be1 Qf6+ 37. Kg1 Nc5 38. Qe3 Nd3 39. Bg3 Kh7 40. h3 Be6 41. Kh2 Bf5 42. Qf3 Be4 43. Qe3 Qf1 44. Qd2 Qc1 45. Qxc1 Nxc1 46. Bf4 Nd3 47. Be3 Ne5 48. a4 Bb1 1/2-1/2

[Event "FIDE WYCC Girls U16 2023"]
[Site "Montesilvano"]
[Date "2023.11.22"]
[Round "9.34"]
[White "Rice, Lauren"]
[Black "Ahn, Anastasia"]
[Result "1/2-1/2"]
[ECO "E04"]
[WhiteElo "1529"]
[BlackElo "1795"]
[Annotator "NA RC"]
[PlyCount "109"]
[EventDate "2023.11.13"]
[EventType "swiss"]
[EventCountry "ITA"]
[SourceTitle "playchess.com"]
[Source "ChessBase"]
[SourceQuality "1"]
[TimeControl "40/5400+30:1800+30"]

1. d4 d5 2. c4 e6 3. Nf3 Nf6 4. g3 dxc4 5. Qa4+ Bd7 6. Qxc4 c5 7. Bg2 b5 8. Qd3 c4 9. Qd1 Nc6 10. O-O Rc8 11. Re1 Bb4 12. Nc3 O-O 13. e4 Re8 14. Bf4 a5 15. Nxb5 Bxe1 16. Nxe1 Rf8 17. Nd6 Ra8 18. Nxc4 Ra7 19. Rc1 h6 20. a3 a4 21. Bd6 Re8 22. Bc5 Rb7 23. Nd6 Rxb2 24. Nxe8 Qxe8 25. Nd3 Rb3 26. Bd6 Na7 27. Nc5 Rb2 28. Nd3 Rb3 29. Rb1 Rxb1 30. Qxb1 Nb5 31. Qb4 Qc8 32. Bc5 Qa6 33. Ne5 Be8 34. f3 Nd7 35. Nxd7 Bxd7 36. Bf1 g5 37. d5 exd5 38. exd5 Qb7 39. Qe4 Nc3 40. Qb4 Qxb4 41. Bxb4 Nxd5 42. Bc5 Kg7 43. Bd4+ Kf8 44. g4 f5 45. Bc5+ Kg7 46. gxf5 Bxf5 47. Bb5 Bc2 48. Bd4+ Kf8 49. Kf2 Ke7 50. Bg7 h5 51. Bh6 Kf6 52. Be8 h4 53. Bf8 Kf5 54. Bd7+ Kf6 55. Bc5 1/2-1/2

[Event "FIDE WYCC Girls U16 2023"]
[Site "Montesilvano"]
[Date "2023.11.22"]
[Round "9.35"]
[White "Park, Haneul"]
[Black "Seemann, Pola"]
[Result "0-1"]
[ECO "E10"]
[WhiteElo "1461"]
[BlackElo "1685"]
[Annotator "NA RC"]
[PlyCount "58"]
[EventDate "2023.11.13"]
[EventType "swiss"]
[EventCountry "ITA"]
[SourceTitle "playchess.com"]
[Source "ChessBase"]
[SourceQuality "1"]
[TimeControl "40/5400+30:1800+30"]

1. d4 Nf6 2. c4 e6 3. Nf3 c5 4. d5 b5 5. e3 Bb7 6. dxe6 fxe6 7. b3 bxc4 8. bxc4 Be7 9. Bb2 O-O 10. Nbd2 Nc6 11. Be2 Qc7 12. h3 Rab8 13. Rb1 Na5 14. Qc2 Ba6 15. Ng5 e5 16. f4 Nc6 17. Bf3 Nb4 18. Qc3 h6 19. Nge4 d5 20. Nxf6+ Bxf6 21. Bxd5+ Nxd5 22. cxd5 exf4 23. Qc2 Bh4+ 24. Kd1 fxe3 25. Nf3 e2+ 26. Kc1 Bg5+ 27. Nxg5 Rf1+ 28. Kd2 Qf4+ 29. Kc3 Qd4# 0-1

[Event "FIDE WYCC Girls U16 2023"]
[Site "Montesilvano"]
[Date "2023.11.23"]
[Round "10.1"]
[White "Trunz, Michelle"]
[Black "Siekanska, Maria"]
[Result "*"]
[ECO "E46"]
[WhiteElo "1997"]
[BlackElo "2180"]
[Annotator "RC"]
[PlyCount "70"]
[EventDate "2023.11.13"]
[EventType "swiss"]
[EventCountry "ITA"]
[SourceTitle "playchess.com"]
[Source "ChessBase"]
[SourceQuality "1"]
[TimeControl "40/5400+30:1800+30"]

1. d4 Nf6 2. c4 e6 3. Nc3 Bb4 4. e3 O-O 5. Nge2 Re8 6. a3 Bf8 7. g3 d5 8. Bg2 dxc4 9. Qa4 Nbd7 10. Qxc4 e5 11. O-O e4 12. Nf4 Nb6 13. Qe2 c5 14. dxc5 Bxc5 15. b4 Bd6 16. Bb2 Bg4 17. Qc2 Rc8 18. h3 Bf3 19. Bxf3 exf3 20. Qb3 Nc4 21. Rad1 Qe7 22. Nb5 Bxf4 23. Bxf6 Qxf6 24. exf4 Qf5 25. Nd6 Nxd6 26. Rxd6 Qxh3 27. Qxf3 b6 28. Rfd1 h5 29. Rd7 a6 30. Qd5 Re6 31. Rd8+ Rxd8 32. Qxd8+ Kh7 33. Qd3+ Rg6 34. Qd7 Rxg3+ 35. fxg3 Qxg3+ *

[Event "FIDE WYCC Girls U16 2023"]
[Site "Montesilvano"]
[Date "2023.11.23"]
[Round "10.2"]
[White "Putar, Lara"]
[Black "Nurmanova, Alua"]
[Result "0-1"]
[ECO "E93"]
[WhiteElo "1892"]
[BlackElo "2367"]
[Annotator "RC"]
[PlyCount "96"]
[EventDate "2023.11.13"]
[EventType "swiss"]
[EventCountry "ITA"]
[SourceTitle "playchess.com"]
[Source "ChessBase"]
[SourceQuality "1"]
[TimeControl "40/5400+30:1800+30"]

1. d4 Nf6 2. c4 g6 3. Nc3 Bg7 4. e4 d6 5. Be2 O-O 6. Nf3 Nbd7 7. h3 e5 8. d5 Nc5 9. Qc2 a5 10. Be3 Nh5 11. Qd2 Qe8 12. Bxc5 dxc5 13. Nb5 Qe7 14. g3 Ra6 15. Qg5 f6 16. Qe3 f5 17. exf5 gxf5 18. Qg5 Nf6 19. O-O Kh8 20. Nh4 f4 21. gxf4 exf4 22. Bg4 Nxd5 23. Qxe7 Nxe7 24. Rae1 Bf6 25. Ng2 Bxg4 26. hxg4 f3 27. Ne3 Bxb2 28. Nd1 Bf6 29. Nxc7 Rc6 30. Nd5 Nxd5 31. cxd5 Rd6 32. Ne3 b5 33. Rc1 Bd4 34. Rfd1 a4 35. Kf1 Rh6 36. Ke1 Rh2 37. d6 Rd8 38. Rxd4 cxd4 39. Nf5 Rh1+ 40. Kd2 Rxc1 41. Kxc1 b4 42. Kc2 Kg8 43. Kd3 b3 44. axb3 a3 45. Kc2 d3+ 46. Kb1 d2 47. Ne3 Rxd6 48. Nd1 Rc6 0-1

[Event "FIDE WYCC Girls U16 2023"]
[Site "Montesilvano"]
[Date "2023.11.23"]
[Round "10.3"]
[White "Schippke, Manon"]
[Black "Begic, Klara"]
[Result "1/2-1/2"]
[ECO "C10"]
[WhiteElo "2110"]
[BlackElo "1877"]
[Annotator "RC"]
[PlyCount "209"]
[EventDate "2023.11.13"]
[EventType "swiss"]
[EventCountry "ITA"]
[SourceTitle "playchess.com"]
[Source "ChessBase"]
[SourceQuality "1"]
[TimeControl "40/5400+30:1800+30"]

1. e4 e6 2. d4 d5 3. Nc3 dxe4 4. Nxe4 Bd7 5. Nf3 Bc6 6. Bd3 Nd7 7. O-O Ngf6 8. Ned2 Be7 9. Re1 O-O 10. Nc4 Bxf3 11. Qxf3 c5 12. Be3 Nd5 13. Qh3 N7f6 14. dxc5 Qc7 15. Bd4 Nf4 16. Qg3 N6h5 17. Qf3 Nxd3 18. cxd3 Nf6 19. b4 Rfd8 20. Be5 Qd7 21. Red1 Nd5 22. a3 f6 23. Bd6 Nc3 24. Re1 Nb5 25. Bxe7 Qxe7 26. a4 Nd4 27. Qd1 Nf5 28. Qb3 Nd4 29. Qb2 Nf5 30. Rad1 Qd7 31. Qa2 Kh8 32. Na5 e5 33. Qc4 Qxa4 34. Nxb7 Rd4 35. Qe6 Rxb4 36. Ra1 Qe8 37. Rxa7 Qxe6 38. Rxa8+ Qg8 39. Rxg8+ Kxg8 40. c6 Ne7 41. Nd8 Rb8 42. c7 Rc8 43. Rc1 Nd5 44. f4 Nxf4 45. Rc6 Kf8 46. g3 Ne2+ 47. Kf2 Nd4 48. Rc4 Ke7 49. Nb7 Ne6 50. Ke3 Rxc7 51. Rxc7+ Nxc7 52. Ke4 g6 53. d4 exd4 54. Kxd4 Nb5+ 55. Kd5 Nc3+ 56. Kd4 Nd1 57. Ke4 Nf2+ 58. Kf3 Nd3 59. Ke4 Ne5 60. h3 Ke6 61. Nc5+ Kd6 62. Nb3 Nd7 63. Kd4 Ke6 64. Ke4 f5+ 65. Kf4 h6 66. h4 Kf6 67. Nd4 g5+ 68. hxg5+ hxg5+ 69. Ke3 Ne5 70. Ke2 Nf7 71. Ke3 Nd6 72. Kf3 Ke5 73. Nc6+ Kd5 74. Ne7+ Ke6 75. Nc6 Nc4 76. Ke2 Kd5 77. Nb4+ Ke4 78. Nd3 Kd4 79. Nf2 g4 80. Nd3 Nd6 81. Nf4 Ne4 82. Nh5 Nc3+ 83. Kd2 Nd5 84. Ke2 Ke4 85. Kf2 Kd3 86. Ng7 Ne3 87. Nh5 Nd1+ 88. Ke1 Nc3 89. Ng7 Ke4 90. Kf2 Nd1+ 91. Ke2 Ne3 92. Ne6 Nc2 93. Nf4 Nd4+ 94. Kf2 Nf3 95. Nh5 Ng5 96. Nf6+ Ke5 97. Nh5 Ke4 98. Nf6+ Kd3 99. Nh5 Ne4+ 100. Kg2 Ke2 101. Nf4+ Ke1 102. Nd3+ Kd2 103. Nf4 Nc5 104. Nh5 Ne4 105. Nf4 1/2-1/2

[Event "FIDE WYCC Girls U16 2023"]
[Site "Montesilvano"]
[Date "2023.11.23"]
[Round "10.4"]
[White "Tejaswini G"]
[Black "Maria, Lia-Alexandra"]
[Result "1-0"]
[ECO "E21"]
[WhiteElo "1956"]
[BlackElo "1877"]
[Annotator "NA RC"]
[PlyCount "97"]
[EventDate "2023.11.13"]
[EventType "swiss"]
[EventCountry "ITA"]
[SourceTitle "playchess.com"]
[Source "ChessBase"]
[SourceQuality "1"]
[TimeControl "40/5400+30:1800+30"]

1. d4 Nf6 2. c4 e6 3. Nc3 Bb4 4. e3 O-O 5. Bd2 b6 6. Nf3 Bxc3 7. Bxc3 Ne4 8. Bb4 c5 9. Ba3 Bb7 10. Bd3 d6 11. O-O Nd7 12. Qe2 Re8 13. Rfd1 Qc7 14. Rac1 Rad8 15. b3 f5 16. Bb2 Ndf6 17. Ne1 d5 18. cxd5 Ng4 19. d6 Qxd6 20. f4 Nef2 21. Rd2 Qd5 22. Qf3 Nxd3 23. Rxd3 Ba6 24. Rd2 Qxf3 25. Nxf3 Nxe3 26. dxc5 bxc5 27. Rxd8 Rxd8 28. Rxc5 Nd5 29. Be5 Rd7 30. Ng5 Nb4 31. h3 Nxa2 32. Ra5 Nb4 33. Ra4 h6 34. Nf3 Rd1+ 35. Kh2 Nd3 36. Rxa6 Nf2 37. Ra1 Rd7 38. Bd4 Nd3 39. Rxa7 Rxa7 40. Bxa7 Nxf4 41. b4 Nd3 42. b5 Kf8 43. Bd4 Kg8 44. b6 Nb4 45. b7 Na6 46. Be5 g5 47. Nd2 Kf7 48. Nb3 Ke7 49. Nc5 1-0

[Event "FIDE WYCC Girls U16 2023"]
[Site "Montesilvano"]
[Date "2023.11.23"]
[Round "10.5"]
[White "Peglau, Dora"]
[Black "Kayis, Gulcan Sena"]
[Result "0-1"]
[ECO "E09"]
[WhiteElo "1937"]
[BlackElo "1859"]
[Annotator "NA RC"]
[PlyCount "92"]
[EventDate "2023.11.13"]
[EventType "swiss"]
[EventCountry "ITA"]
[SourceTitle "playchess.com"]
[Source "ChessBase"]
[SourceQuality "1"]
[TimeControl "40/5400+30:1800+30"]

1. Nf3 Nf6 2. d4 d5 3. c4 c6 4. Nbd2 e6 5. g3 Nbd7 6. Bg2 Be7 7. O-O O-O 8. Qc2 b6 9. b3 Bb7 10. Bb2 Rc8 11. e4 dxe4 12. Nxe4 c5 13. Nxf6+ Bxf6 14. Ng5 Bxg5 15. Bxb7 Rc7 16. Be4 f5 17. Bg2 cxd4 18. f4 Bf6 19. Rad1 Nc5 20. Rfe1 Qd7 21. Qf2 Rd8 22. Rd2 d3 23. Bxf6 gxf6 24. Qe3 Qd4 25. Kf1 Qc3 26. Red1 Rcd7 27. Kg1 a5 28. h3 a4 29. Bc6 Rd6 30. Bxa4 Nxa4 31. bxa4 Qxc4 32. g4 fxg4 33. hxg4 Qxa4 34. Kg2 Qc6+ 35. Kg3 Qc5 36. Qf3 Qd5 37. Qe3 Qd4 38. Qf3 e5 39. fxe5 fxe5 40. Rf1 e4 41. Qf7+ Kh8 42. Rh2 Qg7 43. Rff2 d2 44. Rxh7+ Qxh7 45. Rh2 Qxh2+ 46. Kxh2 Rh6+ 0-1